 Dungeon Crawl Stone Soup version 0.30.1-4-g462c640d31 (webtiles) character file.

Game seed: 7756449575770051710

119 Heoruswealwe the Conjurer (level 4, -10/24 HPs)
             Began as a Deep Elf Conjurer on Aug 15, 2023.
             Killed by divine providence
             ... invoked by an orc priest
              (12 damage)
             ... on level 2 of the Dungeon.
             The game lasted 00:12:12 (1188 turns).

Heoruswealwe the Conjurer (Deep Elf Conjurer)       Turns: 1188, Time: 00:12:13

Health: -10/24     AC:  2    Str:  4    XL:     4   Next: 73%
Magic:  10/13      EV: 27    Int: 25    God:
Gold:   132        SH:  0    Dex: 13    Spells: 4/13 levels left

rFire   . . .        (no weapon)
rCold   . . .        (no shield)
rNeg    . . .        c - +0 robe
rPois   .            (no helmet)
rElec   .            (no cloak)
rCorr   .            (no gloves)
SInv    .            (no boots)
Will    .....        i - amulet of the acrobat
Stlth   ++           k - ring of flight
HPRegen 0.24/turn    (no ring)
MPRegen 0.13/turn

%: acrobat
@: acrobatic, flying
A: no striking features
a: no special abilities


You were on level 2 of the Dungeon.
You visited 1 branch of the dungeon, and saw 2 of its levels.

You collected 132 gold pieces.

Inventory:

Armour
 c - a +0 robe (worn)
 g - a +0 robe
 n - a +0 robe
Jewellery
 i - an amulet of the acrobat (around neck)
 k - a ring of flight (left hand)
Scrolls
 e - a scroll of fear {unknown}
 f - a scroll of immolation {unknown}
 h - a scroll of brand weapon {unknown}
 l - a scroll of fog {unknown}
 o - a scroll of teleportation {unknown}
Potions
 a - 2 potions of curing {unknown}
 d - a potion of degeneration {unknown}
 j - a potion of flight {unknown}
 m - a potion of lignification {unknown}
 p - a potion of berserk rage {unknown}
 q - a potion of heal wounds {unknown}


   Skills:
 - Level 2.4 Dodging
 - Level 2.4 Stealth
 + Level 5.2 Spellcasting
 + Level 5.7 Conjurations


You had 4 spell levels left.
You knew the following spells:

 Your Spells              Type           Power      Damage    Failure   Level
a - Magic Dart            Conj           100%       1d8       1%          1
b - Searing Ray           Conj           70%        2d7       1%          2
c - Dazzling Flash        Conj/Hex       40%        N/A       8%          3
d - Mephitic Cloud        Conj/Pois/Air  16%        N/A       11%         3

Your spell library contained the following spells:

 Spells                   Type           Power      Damage    Failure   Level
 Poisonous Vapours        Pois/Air       12%        N/A       12%         2
 Fulminant Prism          Conj/Hex       10%        3d8       24%         4
 Iskenderun's Mystic Bla  Conj/Tloc      20%        2d6       24%         4
 Freezing Cloud           Conj/Ice/Air   8%         6-21      71%         5


Dungeon Overview and Level Annotations

Branches:
Dungeon (2/15)

Altars:
Kikubaaqudgha


Message History

Press: ? - help, Shift-Dir - straight line, f - orc, p - orc wizard
Aim: an orc, wielding a +0 club, wearing a +0 leather armour and quivering boomerangs (81% to hit)
The searing ray hits the orc wizard!
You kill the orc wizard!
The searing ray hits the orc!
You kill the orc! (Press . to maintain the ray.)
The orc priest looks braver for a moment.
Your Spellcasting skill increases to level 5!
The searing ray hits the orc priest.
The orc priest is moderately wounded.
The searing ray hits the orc priest.
The orc priest is heavily wounded.
You finish channelling your searing ray.
You start resting.
An orc priest is nearby!
Casting: Searing Ray (safe; 1% risk of failure)
Confirm with . or Enter, or press ? or * to list all spells.
Aiming: Magic Dart (safe; 1% risk of failure)
Press: ? - help, Shift-Dir - straight line, f - orc priest
Aim: an orc priest, wielding a +0 trident and wearing a +0 leather armour (heavily wounded, 100% to hit)
The magic dart hits the orc priest.
The orc priest is heavily wounded.
The orc priest hits you with a +0 trident.
* * * LOW HITPOINT WARNING * * *
Magic courses through your body. The orc priest closely misses you.
Casting: Magic Dart (safe; 1% risk of failure)
Confirm with . or Enter, or press ? or * to list all spells.
Aiming: Searing Ray (safe; 1% risk of failure)
Press: ? - help, Shift-Dir - straight line, f/p - orc priest
Aim: an orc priest, wielding a +0 trident and wearing a +0 leather armour (heavily wounded, 81% to hit)
The searing ray hits the orc priest.
The orc priest is severely wounded. (Press . to maintain the ray.)
The orc priest misses you.
The searing ray misses the orc priest.
The orc priest mumbles some strange prayers to Beogh against you.
Beogh smites you!
Ouch! That really hurt!
You die...

## #.....# #.#
#.....# #.####
####### #....# ###
#..#.# # ..#
##...# .. #. #.#
##.## ....#.###.#
#.#
...)).o.#.######.#
#@.........#
###.######## ...#
#####


You could see an orc priest.

Vanquished Creatures
  Jessica (D:2)
  An orc wizard (D:2)
  2 adders (D:2)
  2 dart slugs
  2 orcs (D:2)
  3 bats
  4 endoplasms
  A giant cockroach (D:1)
  3 goblins (D:2)
  5 hobgoblins
  2 jackals (D:1)
  4 quokkas
  6 ball pythons
  3 frilled lizards (D:1)
  3 kobolds (D:1)
  A rat (D:1)
43 creatures vanquished.

Notes
Turn   | Place    | Note
-------+----------+-------------------------------------------
     0 | D:1      | Heoruswealwe the Deep Elf Conjurer began the quest for the
                  | Orb.
     0 | D:1      | Reached XP level 1. HP: 10/10 MP: 6/6
   161 | D:1      | Reached XP level 2. HP: 15/15 MP: 1/8
   164 | D:1      | Learned a level 2 spell: Searing Ray
   678 | D:2      | Reached skill level 5 in Conjurations
   678 | D:2      | Reached XP level 3. HP: 19/19 MP: 3/10
   682 | D:2      | Learned a level 3 spell: Dazzling Flash
   686 | D:2      | Learned a level 3 spell: Mephitic Cloud
   896 | D:2      | Found an ancient bone altar of Kikubaaqudgha.
   920 | D:2      | Noticed Jessica
   922 | D:2      | Killed Jessica
   923 | D:2      | Reached XP level 4. HP: 24/24 MP: 9/12
  1181 | D:2      | Reached skill level 5 in Spellcasting
  1185 | D:2      | HP: 1/24 [orc priest/+0 trident (6)]
  1188 | D:2      | Killed from afar by an orc priest

Illustrated notes

Levels and vault maps discovered:
D:1:      roderic_octagonal_star, layout_loops_ring, dreamdust_wishing_well
D:2:      layout_loops_cross, basic_altar, uniq_jessica

Skill      XL: |  1  2  3  4 |
---------------+-------------+-----
Spellcasting   | 4 5 |  5.2
Conjurations   | 5 |  5.7
Dodging        | |  2.4
Stealth        | |  2.4

Action                     |  1- 3 |  4- 6 || total
---------------------------+-------+-------++-------
   Cast: Magic Dart        |    58 |    18 ||    76
         Searing Ray       |       |     2 ||     2
    Use: Potion            |       |     1 ||     1
 Armour: Robe              |     1 |     3 ||     4
  Dodge: Dodged            |     1 |     6 ||     7
